 Dungeon Crawl Stone Soup version 0.30.1-11-g7821555f0a (webtiles) character file.

Game seed: 2614527890840524964

39 Peloso the Covered (level 3, 0/33 HPs)
             Began as a Minotaur Fighter on Dec 13, 2023.
             Slain by an iguana (5 damage)
             ... on level 3 of the Dungeon.
             The game lasted 00:02:10 (1284 turns).

Peloso the Covered (Minotaur Fighter)               Turns: 1284, Time: 00:02:11

Health: 0/33       AC:  7    Str: 17 (20) XL:     3   Next: 26%
Magic:  2/2        EV:  9    Int:  3 (5)  God:
Gold:   63         SH:  4    Dex:  9 (11) Spells: 2/2 levels left

rFire   . . .        a - +0 long sword
rCold   . . .        c - +0 buckler
rNeg    . . .        b - +0 scale mail
rPois   .            (helmet restricted)
rElec   .            (no cloak)
rCorr   .            (no gloves)
SInv    .            (no boots)
Will    .....        (no amulet) Stlth
                     (no ring)
HPRegen 0.25/turn    (no ring)
MPRegen 0.08/turn

%: no passive effects
@: no status effects
A: horns 2, retaliatory headbutt
a: no special abilities


You were on level 3 of the Dungeon.
You visited 1 branch of the dungeon, and saw 3 of its levels.

You collected 63 gold pieces.

Inventory:

Hand Weapons
 a - a +0 long sword (weapon)
Armour
 b - a +0 scale mail (worn)
 c - a +0 buckler (worn)
Scrolls
 e - a scroll of identify {unknown}
 f - a scroll of enchant armour {unknown}
 i - a scroll of amnesia {unknown}
 j - a scroll of fear {unknown}
Potions
 d - 2 potions of might
 g - a potion of flight {unknown}
 h - a potion of mutation {unknown}


   Skills:
 + Level 3.9 Fighting
 + Level 3.2 Long Blades
 + Level 4.3 Armour
 + Level 3.9 Shields


You had 2 spell levels left.
You didn't know any spells.
Your spell library contained the following spells:

 Spells                   Type           Power      Damage    Failure   Level
 Sandblast                Erth           0%         2d4       94%         1
 Ensorcelled Hibernation  Hex/Ice        0%         N/A       98%         2
 Passwall                 Tmut/Erth      0%         N/A       98%         2
 Ignite Poison            Fire/Tmut/Pois 0%         N/A       100%        3
 Spider Form              Tmut/Pois      0%         N/A       100%        3
 Stone Arrow              Conj/Erth      0%         3d7       100%        3
 Anguish                  Hex/Necr       0%         N/A       100%        4
 Sticky Flame             Conj/Fire      0%         2d3       100%        4
 Ignition                 Fire           0%         3d3       100%        8


Dungeon Overview and Level Annotations

Branches:
Dungeon (3/15)

Altars:

Annotations:
D:2 1 runed translucent door, Crazy Yiuf


Innate Abilities, Weirdness & Mutations

You have a pair of horns on your head.
You reflexively headbutt those who attack you in melee.


Message History

There are monsters nearby!
Unknown command.
The frilled lizard barely misses you.
You hit the frilled lizard.
You kill the frilled lizard!
Found 3 stones.
You see here a frilled lizard corpse.
A kobold comes into view. It is wielding a +0 short sword.
The kobold hits you but does no damage.
You closely miss the kobold. You block the kobold's attack.
You hit the kobold.
You kill the kobold!
The iguana bites you. The endoplasm freezes you.
You are frozen.
The endoplasm attacks as you move away! The endoplasm barely misses you.
Things that are here:
a +0 short sword; 5 stones You hit the iguana.
Your headbutt misses the iguana.
The iguana is moderately wounded.
The iguana bites you. The endoplasm freezes you.
You are frozen.
The iguana barely misses you. The endoplasm barely misses you.
You hit the iguana but do no damage. Your headbutt misses the iguana.
The iguana is moderately wounded.
The endoplasm closely misses you. The iguana bites you.
You barely miss the iguana. You headbutt the iguana.
The iguana is heavily wounded.
You block the iguana's attack. The endoplasm freezes you.
You are frozen.
You hit the iguana but do no damage. Your headbutt misses the iguana.
The iguana is heavily wounded.
The iguana bites you!
The endoplasm hits you but does no damage.
The endoplasm freezes you.
You are frozen.
* * * LOW HITPOINT WARNING * * *
The iguana bites you.
You die...

### ..# .
#.#####.#
####.(......
#...@.#...#.
##.##lJ[<.... ##.
#........
###..###........
#......†........
^##...............
.!.....<..........
......####<.......
..... #........


You could see an iguana and an endoplasm.

Vanquished Creatures
  An adder (D:2)
  A dart slug (D:2)
  3 endoplasms
  A giant cockroach (D:1)
  3 hobgoblins (D:1)
  5 kobolds
  A quokka (D:1)
  3 bats
  2 frilled lizards
  3 goblins
  3 rats
26 creatures vanquished.

Notes
Turn   | Place    | Note
-------+----------+-------------------------------------------
     0 | D:1      | Peloso the Minotaur Fighter began the quest for the Orb.
     0 | D:1      | Reached XP level 1. HP: 19/19 MP: 0/0
    36 | D:1      | You fall into a shaft and drop 1 floor!
   354 | D:2      | Reached skill level 4 in Armour
   354 | D:2      | Reached XP level 2. HP: 23/27 MP: 1/1
   702 | D:2      | Found a runed translucent door.
   703 | D:2      | Noticed Crazy Yiuf
  1047 | D:1      | Reached XP level 3. HP: 33/33 MP: 2/2
  1284 | D:3      | Slain by an iguana

Illustrated notes

Levels and vault maps discovered:
D:1:      beargit_arrival_greenhouse, layout_rooms,
          hangedman_abyss_or_decor_stabs
D:2:      layout_basic, grunt_decor_resistance, uniq_crazy_yiuf_cottage
D:3:      layout_rooms

Skill      XL: |  1  2 |
---------------+-------+-----
Armour         | 4 |  4.3
Long Blades    | 3 |  3.2
Fighting       | |  3.9
Shields        | |  3.9

Action                     || total
---------------------------++-------
  Melee: Long sword        ||    57
         Headbutt          ||     6
    Use: Potion            ||     4
 Armour: Scale mail        ||    36
  Dodge: Dodged            ||    24
  Block: Buckler           ||    14
